Unix NetHack Version 5.0.0-0 post-release - last build May 17 2026 04:57:42 (dc50c8380fa5e20985bfe3072449f57b8d9895ef,branch:main).

Game began 2026-05-19 15:07:44, ended 2026-05-19 15:24:43.

Drastanta, lawful male human Samurai

                                            ---
                -----                    ----.---
               --<|.--                  --.|....--
               |.%...|                  |........|
 --       ------.|...|                  |........|   ----
 |.--     |..|.)---.--                   -.......--- ...
 |...--   |)..)-| ---   ----            --.....a.....----
 |....-- --.--..|      --..|            ...0...a@........-
--.....---..||-.--   ---...--            |.....---- ----
|...........--...-----..0...--           --..---
--.................|.........|            --.|
 ---.........................---           |.|
   |..........---...........^..-- ---      |.|
   --........-- |...............| |.---    |.|
    --......--  ----............| |...|    |.|
     |......|     --............--|...------.|
     --.....|     |..............---...--...(|
      |.....|     |.........*.....---.......--
      --..---     |.....%..>...--...........|
       ----       --.--.--.--..|-------------
                   -------------
Drastanta the Ronin    St:14 Dx:18 Co:18 In:9 Wi:9 Ch:7  Lawful
Dlvl:4  $:56 HP:0(51) Pw:14(14) AC:10 Xp:5 T:1066  Satiated

Latest messages:
 The giant ant starts to attack you, but pulls back.
 You finish your prayer.
 You feel that Amaterasu Omikami is well-pleased.
 You feel much better.
 a - a +0 katana (weapon in right hand).
 c - a +0 yumi (alternate weapon; not wielded).
 The giant ant bites!
 The giant ant bites!
 The giant ant bites!
 What do you want to write with? [- abcdr or ?*] -
 You write in the dust with your fingertip.
 What do you want to write in the dust here? Elbereth
 The giant ant bites!
 The giant ant bites!
 The giant ant bites!
 What do you want to write with? [- abcdr or ?*] -
 Do you want to add to the current engraving? [ynq] (y) y
 You add to the writing in the dust with your fingertip.
 What do you want to add to the writing in the dust here? 
 Never mind.
 You miss the giant ant.
 The giant ant bites!
 The giant ant bites!
 You miss the giant ant.
 The giant ant bites!
 The giant ant bites!
 The giant ant bites!
 You hit the giant ant!
 You hit the giant ant.
 The giant ant bites!
 The giant ant bites!
 The giant ant bites!
 The giant ant bites!
 You kill the giant ant!
 The giant ant bites!
 The giant ant bites!
 You hit the giant ant.
 The giant ant bites!
 The giant ant bites!
 What do you want to read? [ghkmt or ?*] ?
 As you read the scroll, it disappears.
 You are being punished for your misbehavior!
 The giant ant bites!
 The giant ant bites!
 You die...
 Do you want your possessions identified? [ynq] (y) y
 Do you want to see your attributes? [ynq] (y) y
 Do you want an account of creatures vanquished? [ynaq] (y) y
 Do you want to see your conduct and achievements? [ynq] (y) y
 Do you want to see the dungeon overview? [ynq] (y) y

Inventory:
 Coins    ('$')
  $ - 56 gold pieces
 Weapons  (')')
  d - 38 +0 ya (in quiver)
  c - a +0 yumi (alternate weapon; not wielded)
  a - a +0 katana (weapon in right hand)
  b - a +0 wakizashi
 Armor    ('[')
  n - an uncursed +0 orcish helm
  e - an uncursed rustproof +0 splint mail
 Comestibles  ('%')
  x - a cursed slime mold
  i - 2 uncursed gunyoki
  l - 2 uncursed oranges
  s - an uncursed tripe ration
 Scrolls  ('?')
  t - a blessed scroll of charging
  h - an uncursed scroll of enchant weapon
  g - an uncursed scroll of teleportation
  m - a cursed scroll of teleportation
 Potions  ('!')
  j - an uncursed potion of confusion
  f - an uncursed potion of fruit juice
  q - an uncursed potion of healing
 Tools    ('(')
  o - an uncursed tallow candle
  p - a cursed tallow candle
  w - an uncursed tin whistle
  r - an uncursed towel

Drastanta the Samurai's attributes:

Background:
 You were a Ronin, a level 5 male human Samurai.
 You were lawful, on a mission for Amaterasu Omikami
 who was opposed by Raijin (neutral) and Susanowo (chaotic).
 You were right-handed.
 You were in the Gnomish Mines, on level 4.
 You entered the dungeon 1066 turns ago.
 There was a new moon in effect when your adventure ended.
 You had 201 experience points, 119 more were needed to attain level 6.

Basics:
 You had 0 out of 51 hit points.
 You had all 14 energy points (spell power).
 Your armor class was 10.
 Your wallet contained 56 zorkmids.
 Autopickup was off.

Final Characteristics:
 Your strength was 14 (limit:18/100).
 Your dexterity was 18 (limit:18).
 Your constitution was 18 (limit:18).
 Your intelligence was 9 (limit:18).
 Your wisdom was 9 (limit:18).
 Your charisma was 7 (limit:18).

Final Status:
 You were chained to a heavy iron ball.
 You were satiated.
 You were unencumbered.
 You were wielding a long sword.
 You had basic skill with long sword.
 You weren't wearing any armor.

Final Attributes:
 You were devoutly aligned.
 You were fast.
 You are dead.

Miscellaneous:
 You didn't encounter any bones levels.
 Total elapsed playing time was 16 minutes and 58 seconds.

Major events:
 Turn
    1: Drastanta the lawful male human Samurai entered the dungeon
  368: entered the Gnomish Mines
  683: attained the rank of Ronin (level 3)
 1066: killed by a giant ant

You didn't know any spells.

Skills:
 Fighting Skills
   martial arts      [Basic]
   two weapon combat [Unskilled]
   riding            [Unskilled]
 Weapon Skills
   dagger            [Unskilled]
   knife             [Unskilled]
   short sword       [Basic]
   broadsword        [Unskilled]
   long sword        [Basic]
   two-handed sword  [Unskilled]
   saber             [Unskilled]
   flail             [Unskilled]
   quarterstaff      [Unskilled]
   polearms          [Unskilled]
   spear             [Unskilled]
   lance             [Unskilled]
   bow               [Basic]
   shuriken          [Unskilled]
 Spellcasting Skills
   attack spells     [Unskilled]
   divination spells [Unskilled]
   clerical spells   [Unskilled]

Voluntary challenges:
 Character rerolling was not enabled.
 You never genocided any monsters.
 You never polymorphed an object.
 You never changed form.
 You used no wishes.
Achievements:
 You entered the Gnomish Mines.
 You attained the rank of Ronin.

 The Dungeons of Doom: levels 1 to 2
    Level 1:
       An altar.
    Level 2:
       Some fountains, a sink.
       Stairs down to The Gnomish Mines.
 The Gnomish Mines: levels 3 to 4
    Level 3:
    Level 4: <- You were here.
       Final resting place for
          you, killed by a giant ant.


Vanquished creatures:
  a rock mole
  3 gnome leaders
  a giant ant
  a dwarf
  a homunculus
  2 iguanas
  2 cave spiders
 14 gnomes
  a jackal
  2 goblins
  2 sewer rats
  a lichen
  a kobold zombie
  2 newts
34 creatures vanquished.

No species were genocided or became extinct.

Game over:
                       ----------
                      /          \
                     /    REST    \
                    /      IN      \
                   /     PEACE      \
                  /                  \
                  |    Drastanta     |
                  |      56 Au       |
                  |   killed by a    |
                  |    giant ant     |
                  |                  |
                  |                  |
                  |       2026       |
                 *|     *  *  *      | *
        _________)/\\_//(\/(/\)/\//\/|_)_______

Sayonara Drastanta the Samurai...

You died in The Gnomish Mines on dungeon level 4 with 1015 points,
and 56 pieces of gold, after 1066 moves.
You were level 5 with a maximum of 51 hit points when you died.

